 Dungeon Crawl Stone Soup version 0.19.1 (webtiles) character file.

362 Firecrotchwizard the Firebug (level 6, -1/32 HPs)
             Began as a Deep Elf Fire Elementalist on Dec 13, 2016.
             Was an Initiate of Vehumet.
             Slain by Spif's ghost (18 damage)
             ... on level 4 of the Dungeon.
             The game lasted 00:16:25 (3949 turns).

Firecrotchwizard the Firebug (DEFE)                 Turns: 3949, Time: 00:16:26

Health: -1/32      AC:  5    Str:  8    XL:     6   Next: 39%
Magic:  8/14       EV: 14    Int: 22    God:    Vehumet [......]
Gold:   336        SH:  0    Dex: 15    Spells: 4 memorised, 3 levels left

rFire  . . .     SeeInvis .     D - +0 spear
rCold  . . .     Gourm    +     a - +0 robe
rNeg   . . .     Faith    .     (no shield)
rPois  .         Spirit   .     E - +0 helmet
rElec  .         Reflect  .     (no cloak)
rCorr  +         Harm     .     (no gloves)
MR     .....                    G - +1 pair of boots
Stlth  ++........               t - amulet of the gourmand
                                q - ring of resist corrosion
                                y - +3 ring of strength

@: no status effects
A: no striking features
a: Renounce Religion


You were on level 4 of the Dungeon.
You worshipped Vehumet.
Vehumet was noncommittal.
You were not hungry.

You visited 1 branch of the dungeon, and saw 4 of its levels.

You collected 336 gold pieces.

Inventory:

Hand Weapons
 j - a +0 spear
 p - a +0 dagger
 D - a +0 spear (weapon)
Missiles
 f - 38 bolts
 o - 2 poisoned needles
Armour
 a - a +0 robe (worn)
 i - a +0 pair of boots
 E - a +0 helmet (worn)
 G - a +1 pair of boots (worn)
Jewellery
 q - a ring of resist corrosion (right hand)
 t - an amulet of the gourmand (around neck)
 y - a +3 ring of strength (left hand)
Wands
 H - a wand of flame (18/48)
Scrolls
 d - 4 scrolls of identify
 w - 3 scrolls of remove curse
 x - a scroll of teleportation
 I - a scroll of fear {unknown}
 J - a scroll of enchant weapon {unknown}
 M - a scroll of recharging
 N - a scroll of blinking {unknown}
Potions
 e - a potion of brilliance {unknown}
 g - a potion of resistance {unknown}
 h - a potion of flight {unknown}
 k - a potion of invisibility {unknown}
 l - a potion of degeneration {unknown}
 m - 5 potions of curing
 n - a potion of beneficial mutation {unknown}
 r - a potion of cure mutation {unknown}
 s - 2 potions of haste {unknown}
 u - 3 potions of heal wounds {unknown}
 v - 2 potions of mutation {unknown}
 B - a potion of agility {unknown}
 C - a potion of cancellation {unknown}
 K - a potion of berserk rage {unknown}
 L - a potion of might {unknown}
Books
 b - a book of Flames

   Spells                             Type                      Level
   a - Flame Tongue                   Conjuration/Fire             1
   b - Throw Flame                    Conjuration/Fire             2
   c - Conjure Flame                  Conjuration/Fire             3
   d - Inner Flame                    Hexes/Fire                   3
   e - Sticky Flame                   Conjuration/Fire             4
   f - Fireball                       Conjuration/Fire             5
Comestibles
 c - 4 bread rations
 z - 3 fruits
 A - a beef jerky
 F - a meat ration


   Skills:
 + Level 3.5 Dodging
 - Level 2.4 Stealth
 + Level 4.4 Spellcasting
 * Level 4.4 Conjurations
 * Level 5.1 Fire Magic
 + Level 1.0 Evocations


You had 3 spell levels left.
You knew the following spells:

 Your Spells              Type           Power        Failure   Level  Hunger
a - Flame Tongue          Conj/Fire      ####.        1%          1    None
b - Throw Flame           Conj/Fire      ####..       2%          2    #......
c - Conjure Flame         Conj/Fire      ####....     6%          3    ##.....
d - Sticky Flame          Conj/Fire      ####....     17%         4    ####...


Dungeon Overview and Level Annotations

Branches:
Dungeon (4/15)             Temple (0/1) D:4

Altars:
Ashenzari
Elyvilon
Gozag
Makhleb
Sif Muna
Trog
Vehumet
Zin

Annotations:
D:3 Sigmund
D:4 Spif's ghost, amateur MiFi


Message History

There is an open door here.
Casting: Flame Tongue
Confirm with . or Enter, or press ? or * to list all spells.
Aiming: Flame Tongue
Press: ? - help, Shift-Dir - straight line, f/p - Spif's ghost
Aim: Spif's ghost (moderately damaged)
The flame tongue hits Spif's ghost.
Spif's ghost is heavily damaged.
Spif's ghost hits you!
Casting: Flame Tongue
Confirm with . or Enter, or press ? or * to list all spells.
Aiming: Flame Tongue
Press: ? - help, Shift-Dir - straight line, f/p - Spif's ghost
Aim: Spif's ghost (heavily damaged)
The flame tongue hits Spif's ghost.
Spif's ghost is severely damaged.
Spif's ghost says, "Try not to bleed too much."
Spif's ghost hits you!!
Ouch! That really hurt!
You die...

###.# #.#.# #..# #...... #...#
#.#.# ##.# #...... #...# #.#.#
#.## #...... #...# #.#.# #..#
#...... #...#####+#+### #..##
#...... #...##........# #...#
##.###. ###...........# #.#.#
#.(....
####........####.#.#####.###..
#........W@...#..##.....#..
###........#######.##.#.###.#
#.'........+ #.##.._..#.#
#####.#........# #..###.#.#.#
....#.#........# ##.#.....#.#
###.#.#........# #.###.#####
..#'#.########## ##.##..#
#.....# #..##.# #.....#
##.##.#


You could see Spif's ghost.

Vanquished Creatures
  A howler monkey (D:4)
  A quasit (D:4)
  An orc wizard (D:3)
  A bullfrog skeleton (D:4)
  2 hounds
  A worker ant (D:4)
  Robin (D:3)
  5 adders
  An ooze (D:2)
  2 worms
  4 dart slugs
  3 leopard geckos
  An orc (D:3)
  7 bats
  A giant cockroach (D:1)
  16 goblins
  8 hobgoblins
  6 jackals (D:2)
  3 quokkas
  7 frilled lizards
  A jackal skeleton (D:3)
  4 kobolds
  12 rats
89 creatures vanquished.

Vanquished Creatures (others)
  A plant (D:1)
1 creature vanquished.

Grand Total: 90 creatures vanquished

Notes
Turn   | Place    | Note
-------+----------+-------------------------------------------
     0 | D:1      | Firecrotchwizard the Deep Elf Fire Elementalist began the quest for the Orb.
     0 | D:1      | Reached XP level 1. HP: 10/10 MP: 6/6
   140 | D:1      | Reached XP level 2. HP: 15/15 MP: 6/8
   144 | D:1      | Learned a level 2 spell: Throw Flame
   451 | D:1      | Found a shattered altar of Ashenzari.
   967 | D:2      | Reached XP level 3. HP: 19/19 MP: 3/9
  1321 | D:2      | Found a bloodstained altar of Trog.
  1369 | D:2      | Reached skill level 4 in Fire Magic
  1432 | D:2      | Found a white marble altar of Elyvilon.
  1712 | D:2      | Found a burning altar of Makhleb.
  1717 | D:2      | Reached XP level 4. HP: 9/24 MP: 5/11
  2253 | D:3      | Learned a level 3 spell: Conjure Flame
  2258 | D:3      | Learned a level 4 spell: Sticky Flame
  2306 | D:3      | Noticed Robin
  2309 | D:3      | Killed Robin
  2338 | D:3      | Reached XP level 5. HP: 22/28 MP: 6/12
  2526 | D:3      | Found a shattered altar of Ashenzari.
  2628 | D:3      | Noticed Sigmund
  2717 | D:3      | Found a glowing silver altar of Zin.
  2906 | D:3      | Found a deep blue altar of Sif Muna.
  3178 | D:4      | Found a radiant altar of Vehumet.
  3196 | D:4      | Reached skill level 5 in Fire Magic
  3196 | D:4      | Reached XP level 6. HP: 28/32 MP: 10/14
  3302 | D:4      | Found an opulent altar of Gozag.
  3327 | D:4      | Became a worshipper of Vehumet
  3439 | D:4      | Found a staircase to the Ecumenical Temple.
  3561 | D:4      | Noticed Spif's ghost (amateur MiFi)
  3850 | D:3      | Reached skill level 1 in Evocations
  3949 | D:4      | Slain by Spif's ghost

Skill      XL: |  1  2  3  4  5  6 |
---------------+-------------------+-----
Conjurations   | 2 3 4 |  4.4
Fire Magic     | 4 5 |  5.1
Dodging        | 3 |  3.5
Spellcasting   | 4 |  4.4
Evocations     | 1 |  1.0
Stealth        | |  2.4

Action                   |  1- 3 |  4- 6 || total
-------------------------+-------+-------++-------
Melee: Unarmed           |    85 |       ||    85
       Spear             |       |    12 ||    12
 Cast: Flame Tongue      |    81 |    99 ||   180
       Throw Flame       |     1 |     2 ||     3
       Conjure Flame     |       |     3 ||     3
  Use: Scroll            |       |     8 ||     8
  Eat: Chunk             |     1 |    10 ||    11
       Pizza             |       |     1 ||     1
Armor: Robe              |     2 |    14 ||    16
Dodge: Dodged            |    13 |    31 ||    44
